 Dungeon Crawl Stone Soup version 0.20.1-1-g8b1a95d (webtiles) character file.

1450 Supahsalami the Covered (level 8, -3/72 HPs)
             Began as a Deep Dwarf Fighter on Nov 6, 2017.
             Killed from afar by an orc wizard (6 damage)
             ... with a magic dart
             ... on level 7 of the Dungeon.
             The game lasted 00:40:29 (6906 turns).

Supahsalami the Covered (Deep Dwarf Fighter)        Turns: 6906, Time: 00:40:30

Health: -3/72      AC:  9    Str: 21    XL:     8   Next: 47%
Magic:  1/1        EV:  9    Int: 10    God:
Gold:   260        SH: 10    Dex: 12    Spells: 6/7 levels left

rFire    . . .     SeeInvis .   l - +3 short sword
rCold    + . .     Gourm    .   c - +0 shield
rNeg     . . .     Faith    .   b - +0 scale mail
rPois    .         Spirit   .   (no helmet)
rElec    .         Reflect  .   o - +1 cloak
rCorr    .         Harm     .   (no gloves)
MR       +....                  (no boots)
Stlth    +.........             k - amulet of magic regeneration
Regen    0.0/turn               E - ring of protection from cold
MPRegen  0.1/turn               J - ring of stealth

@: non-regenerating, slowed, very slow
A: damage resistance, heal wounds, sense surroundings 1, no regeneration
a: Heal Wounds


You were on level 7 of the Dungeon.
You were very hungry.

You visited 1 branch of the dungeon, and saw 7 of its levels.
You also visited: Sewer.

You collected 260 gold pieces.

Inventory:

Hand Weapons
 l - a +3 short sword (weapon)
 n - a +2 dagger of flaming
 P - a +2 hand axe
Missiles
 h - 164 stones (quivered)
 C - 2 tomahawks of returning
Armour
 b - a +0 scale mail (worn)
 c - a +0 shield (worn)
 o - a +1 cloak (worn)
 y - a +0 large shield
 N - the +3 robe of Clouds {+Fly rElec}
   (You found it on level 6 of the Dungeon)

   It insulates you from electricity.
   It lets you fly.
 O - a +0 scale mail
Jewellery
 j - an uncursed amulet of harm
 k - an amulet of magic regeneration (around neck)
 r - an uncursed ring of wizardry
 v - an uncursed amulet of the gourmand
 E - a ring of protection from cold (left hand)
 J - a ring of stealth (right hand)
Wands
 a - a wand of acid (1/15)
 w - a wand of confusion (18/48)
 A - a wand of acid (6/15)
 F - a wand of polymorph (16/24)
Scrolls
 e - a scroll of remove curse
 p - 3 scrolls of teleportation
 q - a scroll of recharging
 B - a scroll of identify
 G - 3 scrolls of amnesia
 H - 2 scrolls of blinking
 I - 2 scrolls of fog
Potions
 d - 6 potions of might
 i - a potion of heal wounds
 m - 2 potions of curing
 s - 2 potions of flight
 t - a potion of cancellation
 u - a potion of magic
 z - a potion of lignification {unknown}
 K - 2 potions of resistance
 M - a potion of brilliance {unknown}
Books
 x - a book of Misfortune

   Spells                             Type                      Level
   a - Confusing Touch                Hexes                        1
   b - Confuse                        Hexes                        3
   c - Gell's Gravitas                Translocation                3
   d - Petrify                        Transmutation/Earth          4
   e - Metabolic Englaciation         Hexes/Ice                    5
   f - Yara's Violent Unravelling     Hexes/Transmutation          5
Comestibles
 f - 5 bread rations
 g - 5 meat rations
 D - a royal jelly
 L - 2 chunks of flesh


   Skills:
 + Level 4.1 Fighting
 + Level 4.6 Short Blades
 + Level 4.5 Axes
 + Level 0.8 Throwing
 + Level 6.3 Armour
 + Level 2.9 Dodging
 + Level 6.0 Shields


You had 6 spell levels left.
You knew the following spells:

 Your Spells              Type           Power        Failure   Level  Hunger
a - Confusing Touch       Hex            #.....       97%         1    ##.....


Dungeon Overview and Level Annotations

Branches:
Dungeon (7/15)
 Temple: D:4-7

Altars:
Kikubaaqudgha

Annotations:
D:3 Sigmund
D:4 Lovchig's ghost, amateur DDFi
D:6 Irenicus's ghost, weakling DDWz
D:7 Prince Ribbit


Innate Abilities, Weirdness & Mutations

You are resistant to damage.
You can heal yourself by infusing magical energy.
You passively map a small area around you.
You do not regenerate.


Message History

The orc priest looks satisfied for a moment.
The orc priest invokes the aid of Beogh against you.
Beogh smites you!
* * * LOW HITPOINT WARNING * * *
The orc priest looks satisfied for a moment.
The orc priest calls upon Beogh to heal the orc wizard.
The orc wizard's wounds heal themselves!
The orc wizard gestures wildly while chanting.
The orc wizard seems to speed up.
The orc wizard hits you but does no damage.
You block the orc priest's attack.
The orc wizard mumbles some strange words.
The orc wizard blinks!
The orc priest mumbles some strange prayers to Beogh against you.
Beogh smites you!
* * * LOW HITPOINT WARNING * * *
You open the door. The orc wizard casts a spell at you.
The magic dart hits you!
You die...

#......#'###...........#,
#......#...#...........#
#......#...#...........##
#......#...#.............
#......#o..#.............
#......#...##'#####'###..
,
#....(.#..............#..
,,,,#o.............#.. ,
,#@.............#..
#'###o..####...#.. ,
...,#...# #+#####
,.....#.... ,
,*,......+.... ,, ,
*.......#....
#.......#... * * ,
##.....## , , , * *


You could see 2 orc priests and an orc wizard.

Vanquished Creatures
  2 ice beasts
  A sky beast (D:5)
  2 phantoms
  A centaur (D:7)
  A big kobold (Sewer)
  2 bullfrogs
  A water moccasin skeleton (D:6)
  2 wights (D:7)
  A crimson imp (D:5)
  2 bullfrog skeletons (D:5)
  2 hounds (D:4)
  2 orc priests
  2 iguanas (D:5)
  2 worker ants
  An orc wizard (D:7)
  2 gnolls
  6 adders
  4 river rats
  A shadow imp (D:6)
  2 oozes
  An adder zombie (D:5)
  5 worms
  A dart slug (D:2)
  6 leopard geckos
  12 orcs
  4 giant cockroaches
  3 goblins
  5 hobgoblins
  12 jackals
  2 quokkas
  2 ball pythons
  4 bats
  4 frilled lizards
  14 kobolds
  15 rats
129 creatures vanquished.

Vanquished Creatures (others)
  A human (D:5)
1 creature vanquished.

Grand Total: 130 creatures vanquished

Notes
Turn   | Place    | Note
-------+----------+-------------------------------------------
     0 | D:1      | Supahsalami the Deep Dwarf Fighter began the quest for the Orb.
     0 | D:1      | Reached XP level 1. HP: 20/20 MP: 1/1
    66 | D:1      | Reached XP level 2. HP: 25/27 MP: 2/2
   634 | D:2      | Reached XP level 3. HP: 26/34 MP: 3/3
   649 | D:2      | Reached XP level 4. HP: 27/42 MP: 4/4
  1533 | D:2      | Reached skill level 1 in Dodging
  2188 | D:4      | Found a glowing drain.
  2235 | D:4      | Reached XP level 5. HP: 42/49 MP: 5/5
  2261 | Sewer    | Entered a sewer
  3836 | D:3      | Learned a level 1 spell: Confusing Touch
  4047 | D:3      | Reached XP level 6. HP: 56/56 MP: 6/6
  4081 | D:3      | Noticed Sigmund
  4116 | D:5      | Entered Level 5 of the Dungeon
  4182 | D:5      | Found an ancient bone altar of Kikubaaqudgha.
  4183 | D:5      | Noticed a human
  4186 | D:5      | Killed a human
  4475 | D:5      | Reached skill level 1 in Short Blades
  4761 | D:5      | Noticed an ice beast
  4836 | D:5      | HP: 2/56 [ice beast (13)]
  4848 | D:5      | Killed an ice beast
  4848 | D:5      | Reached skill level 5 in Armour
  4848 | D:5      | Reached XP level 7. HP: 40/62 MP: 5/5
  5165 | D:5      | Reached skill level 5 in Shields
  5376 | D:6      | Noticed Irenicus's ghost (weakling DDWz)
  6043 | D:4      | Noticed Lovchig's ghost (amateur DDFi)
  6435 | D:6      | Reached XP level 8. HP: 65/72 MP: 5/5
  6706 | D:7      | Noticed Prince Ribbit
  6905 | D:7      | HP: 3/72 [orc priest/divine providence (10)]
  6906 | D:7      | Killed from afar by an orc wizard

Skill      XL: |  1  2  3  4  5  6  7  8 |
---------------+-------------------------+-----
Fighting       | 3 4 |  4.1
Armour         | 4 5 6 |  6.3
Shields        | 4 5 6 |  6.0
Dodging        | 1 2 |  2.9
Axes           | 3 4 |  4.5
Short Blades   | 2 3 4 |  4.6
Throwing       | |  0.8

Action                   |  1- 3 |  4- 6 |  7- 9 || total
-------------------------+-------+-------+-------++-------
Melee: War axe           |    49 |   224 |       ||   273
       Dagger            |       |    91 |       ||    91
       Short sword       |       |   113 |   335 ||   448
Throw: Stone             |       |    12 |    18 ||    30
 Abil: Heal Wounds       |       |    11 |    17 ||    28
Evoke: Wand              |       |       |     2 ||     2
  Use: Scroll            |       |    12 |     9 ||    21
       Potion            |       |     1 |       ||     1
  Eat: Chunk             |       |    13 |     6 ||    19
       Fruit             |       |     1 |       ||     1
Armor: Scale mail        |    30 |   151 |   120 ||   301
Dodge: Dodged            |    17 |    99 |   110 ||   226
Block: Shield            |    26 |   177 |   169 ||   372
